 Dungeon Crawl Stone Soup version 0.21-a0-151-ga4fe563 (webtiles) character file.

883 AverageBear the Ducker (level 7, 19/40 HPs)
             Began as a Deep Elf Fighter on July 30, 2017.
             Quit the game on level 5 of the Dungeon.
             The game lasted 00:04:34 (3748 turns).

AverageBear the Ducker (Deep Elf Fighter)           Turns: 3748, Time: 00:04:35

Health: 19/40      AC: 11    Str: 15    XL:     7   Next: 76%
Magic:  8/8        EV: 10    Int: 13    God:
Gold:   177        SH:  8    Dex: 14    Spells: 6/6 levels left

rFire    . . .     SeeInvis .   a - +0 rapier
rCold    . . .     Gourm    .   c - +0 shield
rNeg     . . .     Faith    .   b - +1 scale mail
rPois    +         Spirit   .   (no helmet)
rElec    .         Reflect  .   s - +0 cloak
rCorr    .         Harm     .   (no gloves)
MR       .....                  (no boots)
Stlth    ..........             l - amulet of magic regeneration
HPRegen  0.13/turn              g - ring of poison resistance
MPRegen  0.36/turn              (no ring)

@: no status effects
A: talons 1, thin metallic scales 1, low mp 1
a: no special abilities


You were on level 5 of the Dungeon.
You were hungry.

You visited 1 branch of the dungeon, and saw 5 of its levels.

You collected 177 gold pieces.

Inventory:

Hand Weapons
 a - a +0 rapier (weapon)
Armour
 b - a +1 scale mail (worn)
 c - a +0 shield (worn)
 s - a +0 cloak (worn)
Jewellery
 g - a ring of poison resistance (left hand)
 k - an uncursed amulet of faith
 l - an amulet of magic regeneration (around neck)
Wands
 p - a wand of disintegration (12/24)
 q - a wand of clouds (1/9)
Scrolls
 e - 5 scrolls of remove curse
 h - a scroll of amnesia
 i - a scroll of enchant armour
 o - a scroll of identify
 r - 2 scrolls of teleportation
Comestibles
 f - 6 bread rations
 n - 2 royal jellies


   Skills:
 - Level 2.4 Fighting
 - Level 6.4 Short Blades
 + Level 3.4 Armour
 - Level 6.5 Dodging
 - Level 2.4 Shields


You had 6 spell levels left.
You didn't know any spells.

Dungeon Overview and Level Annotations

Branches:
Dungeon (5/15)
 Temple: D:4-7

Altars:
Cheibriados
Dithmenos
Gozag
Ru
Zin
The Shining One


Innate Abilities, Weirdness & Mutations

You have sharp toenails.
You are partially covered in thin metallic scales. (AC +2)
Your magical capacity is low. (-10% MP)


Message History

You assume a fearsome visage.
It was a scroll of fear.
Unknown command.
As you read the scroll labeled GICICLAATT, it crumbles to dust.
You feel aware of your surroundings.
It was a scroll of magic mapping.
As you read the scroll labeled DOIVEH SAARU, it crumbles to dust.
It is a scroll of identify.
r - 2 scrolls of teleportation
Okay, then.
Evoke which item? (* to show all) (? for menu, Esc to quit)
Aiming: Cloud Cone (will waste charges)
Press: ? - help, Dir - move target cursor You create a blast of noxious fumes!
Evoking this partially-identified wand wasted a few charges.
There is a stone staircase leading up here.
You start resting.
You are feeling hungry.
There is a stone staircase leading up here.
There is a stone staircase leading up here.
There is a stone staircase leading up here.
Are you sure you want to abandon this character and quit the game? (Confirm with "yes".)

*,..##...###+###....#
,,.......?.....#....#
,,.............+....#
,,.............#....#
**####...##...##....#
,,,,*#...##...##....#
,,,,.....#..........#
,,,......#..........#
,,,......#......@...#
**,.###,,##+#########
**,,***,,**,,***,,,,*
,,,,,,*,,,,,,*,,,,,,*
,,,,,,*,,,,,,+,,,,,,*
,,,,,,*,,,,,,*,,,,,,*
,,,,,*****+****,,,,,*
,,,,,**,,,,,,********
*******,,,,,,,*,,,,,*


There were no monsters in sight!

Vanquished Creatures
  The ghost of Sweeb the Skirmisher, a novice OgHu (D:4)
  Grinder (D:3)
  A sky beast (D:5)
  Crazy Yiuf (D:4)
  Terence (D:3)
  A worker ant (D:4)
  5 adders
  An adder zombie (D:4)
  5 worms
  6 dart slugs
  A leopard gecko (D:1)
  2 orcs (D:3)
  A ball python (D:1)
  2 giant cockroaches
  7 goblins
  5 hobgoblins
  11 jackals
  7 kobolds
  2 quokkas
  7 bats
  7 frilled lizards
  A leopard gecko skeleton (D:4)
  3 rats
  A plant (D:1)
80 creatures vanquished.

Notes
Turn   | Place    | Note
-------+----------+-------------------------------------------
     0 | D:1      | AverageBear the Deep Elf Fighter began the quest for the Orb.
     0 | D:1      | Reached XP level 1. HP: 13/13 MP: 3/3
    89 | D:1      | Reached XP level 2. HP: 14/18 MP: 4/4
   681 | D:1      | Reached XP level 3. HP: 14/22 MP: 5/5
  1335 | D:2      | Found an opulent altar of Gozag.
  1442 | D:2      | Found a sacrificial altar of Ru.
  1454 | D:2      | Reached XP level 4. HP: 18/27 MP: 6/6
  1515 | D:2      | Found a glowing silver altar of Zin.
  1793 | D:3      | Noticed Grinder
  1806 | D:3      | Paralysed by Grinder for 3 turns
  1809 | D:3      | Gained mutation: You are partially covered in thin metallic scales. (AC +2) [potion of mutation]
  1809 | D:3      | Gained mutation: Your magical capacity is low. (-10% MP) [potion of mutation]
  1809 | D:3      | Gained mutation: You have sharp toenails. [potion of mutation]
  1811 | D:3      | Killed Grinder
  1811 | D:3      | Reached XP level 5. HP: 7/31 MP: 6/6
  1811 | D:3      | Reached XP level 6. HP: 9/36 MP: 7/7
  1833 | D:3      | Found a snail-covered altar of Cheibriados.
  2072 | D:3      | Noticed Terence
  2083 | D:3      | Killed Terence
  2083 | D:3      | Reached skill level 1 in Dodging
  2200 | D:3      | Found a glowing golden altar of the Shining One.
  2834 | D:4      | Noticed Sweeb's ghost (novice OgHu)
  2849 | D:4      | Killed Sweeb's ghost
  2849 | D:4      | Reached XP level 7. HP: 14/40 MP: 8/8
  2879 | D:4      | Found a shadowy altar of Dithmenos.
  3417 | D:4      | Found a runed door.
  3421 | D:4      | Noticed Crazy Yiuf
  3434 | D:4      | Killed Crazy Yiuf
  3674 | D:5      | Entered Level 5 of the Dungeon
  3748 | D:5      | Quit the game

Vault maps used:
D:1:      co_arrival_hall_of_pillars, serial_forest, infiniplex_forest_lined_3,
          infiniplex_forest_clump_double, infiniplex_forest_end_3,
          infiniplex_forest_straight_4
D:2:      hangedman_ru_absence, lemuel_round_altar, grunt_gozag_breadcrumbs
D:3:      kennysheep_slug_shrine, nicolae_overflow_hidden_temple, uniq_terence,
          uniq_grinder
D:4:      nicolae_dithmenos_the_darkroom, first_bread, uniq_crazy_yiuf_cottage

Skill      XL: |  1  2  3  4  5  6  7 |
---------------+----------------------+-----
Short Blades   | 3 4 6 |  6.4
Dodging        | 6 |  6.5
Armour         | 3 |  3.4
Fighting       | |  2.4
Shields        | |  2.4

Action                   |  1- 3 |  4- 6 |  7- 9 || total
-------------------------+-------+-------+-------++-------
Melee: Rapier            |   206 |   120 |    51 ||   377
       Kick              |       |    20 |    14 ||    34
Evoke: Wand              |       |       |     1 ||     1
  Use: Scroll            |     1 |     2 |     3 ||     6
       Potion            |     2 |     6 |       ||     8
  Eat: Chunk             |     2 |     5 |     2 ||     9
Armor: Scale mail        |    89 |    39 |    20 ||   148
Dodge: Dodged            |    43 |    20 |     9 ||    72
Block: Shield            |    75 |    47 |    17 ||   139
